Map: Central Protocol

Players

CMStormPolt (Polt)

  • Race: Terran Terran
  • League: Master

Lambo - Winner!

  • Race: Zerg Zerg
  • League: Grandmaster

Event: 2016 WCS Winter Circuit Championship

VOD

Have the link to the VOD?

Description

Time

  • Played on: March 2, 2016, 5:46 a.m.
  • Length: 9:31

All games in this series

Show
View Real Time Build Order
Export as new Build Order

CMStormPolt Terran 

Build Orders: Liberator Opening, Reaper Expand, MMM Bio 

Get SALT Encoding   

  12  0:00  SCV  
  13  0:12  SCV  
  14  0:17  Supply Depot  
  14  0:24  SCV  
  15  0:38  SCV  
  15  0:40  Barracks  
  16  0:44  Refinery  
  16  0:50  SCV  
  17  1:03  SCV  
  18  1:15  SCV  
  19  1:26  Reaper  
  19  1:27  Orbital Command  
  20  1:39  Command Center  
  20  1:51  Supply Depot  
  20  1:52  SCV  
  21  1:58  Marine  
  22  2:04  SCV  
  22  2:08  Factory  
  23  2:13  Refinery  
  23  2:16  SCV  
  23  2:20  Barracks Reactor  
  24  2:28  SCV  
  25  2:41  SCV  
  25  2:51  Orbital Command  
  26  2:53  SCV  
  26  2:54  Bunker  
  26  2:56  Starport  
  27  3:05  Hellion x2, SCV  
  32  3:07  Barracks Tech Lab  
  32  3:17  SCV  
  32  3:18  SCV  
  32  3:19  Liberator  
  34  3:25  Marine  
  35  3:28  Hellion x2  
  35  3:29  SCV  
  35  3:30  SCV  
  35  3:31  Supply Depot  
  44  3:41  SCV  
  44  3:43  SCV  
  44  3:44  Stimpack  
  46  3:52  Marine  
  47  3:56  Supply Depot  
  47  3:57  SCV x2  
  49  4:08  Command Center  
  49  4:09  SCV x2  
  51  4:13  Marine  
  51  4:19  Factory Reactor  
  51  4:20  Starport Reactor  
  51  4:22  SCV  
  51  4:23  SCV  
  53  4:27  Supply Depot  
  53  4:39  SCV x2, Marine  
  53  4:40  Barracks  
  53  4:41  Barracks  
  53  4:45  Refinery  
  56  4:46  Refinery  
  56  4:51  SCV x2  
  58  4:53  Engineering Bay  
  58  4:54  Engineering Bay  
  58  4:57  Marine  
  59  5:03  Factory Tech Lab, SCV x2  
  59  5:04  Starport Reactor  
  59  5:15  SCV x2, Marine  
  59  5:20  Orbital Command  
  62  5:22  Terran Infantry Armor Level 1, Terran Infantry Weapons Level 1  
  62  5:27  SCV x2  
  64  5:29  Marine x2  
  64  5:33  Marine  
  64  5:35  Factory Reactor, Marine x2  
  69  5:39  SCV  
  69  5:40  Supply Depot, SCV  
  69  5:41  Supply Depot, Medivac  
  69  5:42  Medivac  
  75  5:43  Orbital Command  
  75  5:51  Marine x3  
  75  5:53  Marine x2  
  75  5:55  SCV x2  
  82  6:05  Barracks  
  82  6:06  Combat Shields  
  82  6:08  Barracks  
  82  6:10  Supply Depot x2  
  82  6:12  Marine x4  
  82  6:15  Marine  
  82  6:17  Widow Mine  
  89  6:18  Widow Mine  
  89  6:22  SCV x2  
  89  6:23  SCV  
  92  6:35  SCV x3, Medivac  
  92  6:36  Bunker  
  92  6:37  Medivac  
  99  6:44  Armory  
  99  6:45  Factory  
  98  6:57  SCV  
  98  6:58  SCV x2  
  101  7:04  Marine x6  
  101  7:05  Marine  
  101  7:06  Siege Tank  
  108  7:17  Refinery, Marine x2  
  108  7:18  Refinery  
  108  7:21  Marine x4  
  108  7:22  Marine x2  
  114  7:23  Medivac, Marine  
  114  7:29  Supply Depot x2  
  117  7:31  Supply Depot  
  117  7:32  Factory Tech Lab  
  117  7:34  Medivac  
  119  7:38  Siege Tank  
  122  7:46  Marine x3  
  122  7:49  Marine x2  
  122  7:50  Marine x4  
  129  7:53  Siege Tank  
  122  8:09  Marine x2  
  122  8:10  Siege Tank, Marine x7  
  103  8:28  Marine x7  
  103  8:30  Siege Tank  
  100  8:37  Marine  
  91  8:42  Siege Tank  
  82  8:52  Marine x3  
  82  8:55  Marine  
Show
View Real Time Build Order
Export as new Build Order

Lambo Zerg - Winner!

Build Orders: Hatch First 

Get SALT Encoding   

  12  0:00  Drone  
  13  0:12  Overlord  
  13  0:20  Drone  
  14  0:31  Drone x2  
  16  0:36  Drone  
  17  0:54  Drone  
  17  0:55  Hatchery  
  17  0:58  Drone  
  18  1:08  Extractor  
  17  1:13  Spawning Pool  
  17  1:16  Drone  
  17  1:19  Drone  
  18  1:28  Drone  
  19  1:39  Overlord  
  19  2:00  Queen, Zergling x4  
  23  2:07  Queen  
  23  2:08  Metabolic Boost, Zergling x2  
  26  2:17  Drone x2  
  29  2:22  Drone  
  29  2:36  Drone, Overlord  
  30  2:43  Queen  
  31  2:51  Overlord  
  31  2:52  Drone x2  
  31  2:55  Drone  
  34  3:05  Hatchery  
  33  3:07  Drone x2  
  33  3:11  Drone x3  
  38  3:23  Drone x4  
  42  3:28  Queen, Drone  
  42  3:33  Drone  
  42  3:34  Drone  
  47  3:40  Overlord  
  47  3:46  Roach Warren  
  46  3:49  Drone x4  
  46  3:53  Extractor  
  46  3:54  Drone x2  
  51  4:01  Overlord  
  51  4:13  Lair  
  51  4:14  Overlord  
  51  4:16  Spore Crawler  
  50  4:17  Spore Crawler  
  50  4:18  Zergling x8  
  55  4:24  Queen  
  55  4:26  Drone x4  
  61  4:31  Overlord  
  61  4:36  Drone  
  61  4:37  Spore Crawler  
  61  4:39  Drone x4  
  61  4:43  Evolution Chamber  
  61  4:45  Drone  
  65  4:46  Evolution Chamber  
  65  4:47  Drone  
  65  4:55  Drone x6  
  65  4:58  Drone  
  65  4:59  Extractor  
  71  5:01  Extractor  
  71  5:04  Drone x4  
  73  5:13  Drone x2  
  74  5:16  Zerg Missile Weapons Level 1, Extractor, Zerg Ground Armor Level 1  
  74  5:17  Extractor  
  74  5:18  Drone x2  
  74  5:20  Overlord  
  74  5:27  Overlord  
  74  5:28  Glial Reconstitution  
  74  5:30  Overlord  
  74  5:40  Drone x5  
  74  5:42  Drone  
  80  5:47  Drone  
  81  5:52  Roach x8  
  81  5:56  Overlord  
  97  5:57  Overlord  
  97  6:04  Overlord  
  97  6:07  Pneumatized Carapace  
  97  6:10  Overlord  
  97  6:11  Overlord  
  97  6:12  Overlord  
  97  6:15  Overlord  
  96  6:21  Roach x6  
  107  6:32  Roach x7  
  120  6:38  Overseer  
  120  6:40  Roach  
  120  6:43  Roach  
  120  6:44  Roach  
  120  6:46  Roach x3  
  130  6:53  Roach, Overlord  
  130  6:54  Ravager, Roach  
  134  6:55  Ravager x5  
  140  7:04  Roach  
  140  7:13  Roach  
  140  7:14  Roach x6  
  154  7:21  Roach x4  
  162  7:25  Hatchery  
  162  7:28  Overlord x2  
  161  7:36  Overlord x2  
  161  7:49  Roach x7  
  167  8:00  Roach x6  
  167  8:01  Roach  
  179  8:10  Roach x6  
  187  8:17  Roach x2  
  161  8:32  Roach  
  161  8:33  Roach x4  
  150  8:45  Roach  
  150  8:46  Roach x3  
  141  8:56  Roach x3  
Tags
 
Add a new tag
Caveats
  • Supply blocks, unpowered buildings, or Contaminate may cause inaccurate times.
  • Supply counts are checked every 10 seconds.